 Dungeon Crawl Stone Soup version 0.28.0-1-gb440e238dd (webtiles) character file.

Game seed: 7540277951781862833

86 ApathyGirl the Ruffian (level 4, -10/35 HPs)
             Began as a Draconian Transmuter on Feb 20, 2022.
             Killed by divine providence
             ... invoked by an orc priest
              (15 damage)
             ... on level 3 of the Dungeon.
             The game lasted 00:25:25 (2546 turns).

ApathyGirl the Ruffian (Draconian Transmuter)       Turns: 2546, Time: 00:25:30

Health: -10/35     AC:  5    Str: 15    XL:     4   Next: 27%
Magic:  6/8        EV: 12    Int: 13    God:
Gold:   85         SH:  0    Dex: 11    Spells: 7/8 levels left

rFire   . . .      SeeInvis .     - Unarmed
rCold   . . .      Faith    .   (no shield)
rNeg    . . .      Spirit   .   (armour unavailable)
rPois   .          Reflect  .   (helmet currently unavailable)
rElec   .          Harm     .   (no cloak)
rCorr   .          Rampage  .   (no gloves)
Will    .....                   (boots currently unavailable)
Stlth   +.........              (no amulet)
HPRegen 0.11/turn               (no ring)
MPRegen 0.11/turn               (no ring)

@: appendages
A: horns 2, talons 2, AC +5, unfitting armour, cold-blooded
a: End Transformation


You were on level 3 of the Dungeon.
You had temporarily grown beastly horns and talons.
You visited 1 branch of the dungeon, and saw 3 of its levels.

You collected 85 gold pieces.

Inventory:

Missiles
 a - 47 stones
 e - 4 poisoned darts
Armour
 i - the +5 ring mail of Lies {rF++ Int+2 Dex-3}
   (You found it on level 3 of the Dungeon)

   Int:       It affects your intelligence (+2).
   Dex:       It affects your dexterity (-3).
   rF:        It greatly protects you from fire.
Wands
 h - a wand of mindburst (12)
Scrolls
 b - 6 scrolls of teleportation
 f - 2 scrolls of enchant armour
Potions
 c - a potion of mutation {unknown}
 d - a potion of flight {unknown}
 g - a potion of resistance {unknown}
 j - a potion of ambrosia {unknown}


   Skills:
 + Level 1.1 Fighting
 + Level 2.1 Dodging
 + Level 0.1 Stealth
 + Level 4.0 Unarmed Combat
 + Level 2.8 Spellcasting
 + Level 2.4 Transmutations


You had 7 spell levels left.
You knew the following spells:

 Your Spells              Type           Power      Damage    Failure   Level
a - Beastly Appendage     Tmut           16%        N/A       9%          1

Your spell library contained the following spells:

 Spells                   Type           Power      Damage    Failure   Level
 Wereblood                Tmut           8%         N/A       13%         2
 Spider Form              Tmut/Pois      5%         N/A       38%         3
 Ice Form                 Ice/Tmut       5%         N/A       80%         4


Dungeon Overview and Level Annotations

Branches:
Dungeon (3/15)

Altars:

Shops:
D:2 [=!


Innate Abilities, Weirdness & Mutations

You have temporarily grown beastly horns and talons.
Your plain brown scales are hard. (AC +5)
You cannot fit into any form of body armour.
You are cold-blooded and may be slowed by cold attacks.


Message History

You hit the orc.
You tail-slap the orc, but do no damage.
The orc is heavily wounded.
The orc hits you with a +0 club. The goblin closely misses you.
You hit the orc. You claw the orc.
You kill the orc!
The orc priest barely misses you.
Casting: Beastly Appendage (safe; 9% risk of failure)
Press: ? - help, Q - select action, (/) - cycle Dir - look around, f - activate You extend your transformation's duration.
The goblin closely misses you.
The orc priest calls down the wrath of Beogh upon you.
Pain shoots through your body!
* * * LOW HITPOINT WARNING * * *
The orc priest looks encouraged for a moment.
The goblin hits you but does no damage.
You hit the orc priest but do no damage.
Your kick misses the orc priest. Your headbutt misses the orc priest.
The orc priest barely misses you. The goblin misses you.
You hit the orc priest. You claw the orc priest.
Your headbutt misses the orc priest.
Your tail-slap misses the orc priest.
The orc priest is moderately wounded.
The orc priest hits you with a +0 club.
* * * LOW HITPOINT WARNING * * *
You barely miss the orc priest. Your headbutt misses the orc priest.
Your tail-slap misses the orc priest.
The orc priest is moderately wounded.
The goblin hits you with a +0 club.
* * * LOW HITPOINT WARNING * * *
The orc priest hits you but does no damage.
You hit the orc priest. Your headbutt misses the orc priest.
The orc priest is severely wounded.
The goblin misses you. The orc priest closely misses you.
You hit the orc priest but do no damage.
Your headbutt misses the orc priest. You tail-slap the orc priest.
The orc priest is almost dead.
The goblin hits you but does no damage.
The orc priest invokes the aid of Beogh against you.
Beogh smites you!
You die...

#... ....... #... #.......
#...##....... +<...........
#.......... #........
#..).# #..)o# #..g@#######
#..........# #..........#
#..........# #.#....
####........# ......
#...........# #.....
#...........# #.....
######...........# #.....
#................######....


You could see an orc priest and a goblin.

Vanquished Creatures
  A gnoll (D:1)
  An adder (D:3)
  2 worms
  3 orcs (D:3)
  6 endoplasms (D:1)
  2 giant cockroaches
  5 goblins
  9 hobgoblins
  4 jackals (D:1)
  2 quokkas
  3 ball pythons
  2 bats (D:1)
  5 frilled lizards
  5 kobolds (D:1)
  5 rats
55 creatures vanquished.

Vanquished Creatures (others)
  A fungus (D:1)
1 creature vanquished.

Grand Total: 56 creatures vanquished

Notes
Turn   | Place    | Note
-------+----------+-------------------------------------------
     0 | D:1      | ApathyGirl the Draconian Transmuter began the quest for the
                  | Orb.
     0 | D:1      | Reached XP level 1. HP: 16/16 MP: 3/3
    29 | D:1      | Reached XP level 2. HP: 19/23 MP: 3/5
   197 | D:1      | Found a faded altar of an unknown god.
   488 | D:1      | Reached XP level 3. HP: 24/28 MP: 4/6
  1264 | D:2      | Found Nifiptop's Distillery.
  1402 | D:2      | Found Ruikh's Jewellery Emporium.
  1883 | D:2      | Found Pesyafeo's Armour Boutique.
  1902 | D:2      | Reached skill level 4 in Unarmed Combat
  2185 | D:3      | Identified the +5 ring mail of Lies {rF++ Int+2 Dex-3}
  2317 | D:3      | Reached XP level 4. HP: 34/35 MP: 3/8
  2546 | D:3      | Killed from afar by an orc priest

Illustrated notes

Levels and vault maps discovered:
D:1:      wander_arrival_chamber, layout_basic,
          dreamdust_ecumenical_altar_grove, amcnicky_mini_corridor_feature,
          minivault_23, nicolae_concentric_dashed_squares_mild, minivault_26,
          minmay_statues_item, wad_floor_pattern_untrapped
D:2:      layout_basic, serial_shops, nicolae_shop_stone,
          nicolae_shop_advertising_works [nicolae_subvault_shop_adworks], shop
D:3:      layout_basic, nicolae_ru_the_path_less_chosen,
          nicolae_concentric_dashed_squares_wild, uniq_jessica

Skill      XL: |  1  2  3 |
---------------+----------+-----
Dodging        | 2 |  2.1
Unarmed Combat | 4 |  4.0
Fighting       | |  1.1
Stealth        | |  0.1
Spellcasting   | |  2.8
Transmutations | |  2.4

Action                   |  1- 3 |  4- 6 || total
-------------------------+-------+-------++-------
Melee: Unarmed           |   121 |    18 ||   139
       Headbutt          |    15 |     2 ||    17
       Kick              |    22 |     4 ||    26
       Tailslap          |    13 |     4 ||    17
       Punch             |     2 |       ||     2
 Cast: Beastly Appendage |    35 |     7 ||    42
  Use: Scroll            |     2 |       ||     2
Armor: Skin              |    26 |     5 ||    31
Dodge: Dodged            |    64 |    13 ||    77
